 Dungeon Crawl Stone Soup version 0.23-a0-391-g8c51ad5 (webtiles) character file.

27265 Cryolive the Geomancer (level 13, -13/79 HPs)
             Began as a Gargoyle Earth Elementalist on Oct 30, 2018.
             Was an Elder of Vehumet.
             Shot with an arrow by a minotaur (36 damage)
             ... in a labyrinth.
             The game lasted 01:07:58 (20857 turns).

Cryolive the Geomancer (GrEE)                      Turns: 20857, Time: 01:07:58

Health: -13/79     AC: 17    Str: 11    XL:     13   Next: 31%
Magic:  10/25      EV: 15    Int: 22    God:    Vehumet [****..]
Gold:   877        SH:  0    Dex: 10    Spells: 12/28 levels left

rFire    . . .     SeeInvis .   L - staff of energy
rCold    . . .     Gourm    .   (no shield)
rNeg     + + .     Faith    .   w - +2 robe {Archmagi}
rPois    ∞         Spirit   .   O - +2 hat
rElec    +         Reflect  .   (no cloak)
rCorr    .         Harm     .   (no gloves)
MR       .....                  k - +0 pair of boots
Stlth    ++........             r - amulet of magic regeneration
HPRegen  0.23/turn              J - ring of positive energy
MPRegen  0.44/turn              l - ring of wizardry

@: no status effects
A: negative energy resistance 1, electricity resistance, unbreathing,
petrification resistance, rot immunity, AC +9
a: Renounce Religion


You were in a labyrinth.
You worshipped Vehumet.
Vehumet was greatly pleased with you.
You were very hungry.

You visited 2 branches of the dungeon, and saw 16 of its levels.
You also visited: Labyrinth.

You collected 877 gold pieces.

Inventory:

Hand Weapons
 D - the +8 quarterstaff of Ambiguity {crush, MP+9 Str+3 Dex+3}
   (You found it on level 7 of the Dungeon)

   It inflicts extra damage upon your enemies.
   It affects your strength (+3).
   It affects your dexterity (+3).
   It affects your magic capacity (+9).
Missiles
 b - 533 stones (quivered)
Armour
 a - the cursed +1 leather armour of Patience {MR+}
   (You found it on level 11 of the Dungeon)

   It affects your resistance to hostile enchantments.
   It has a curse placed upon it.
 k - a +0 pair of boots (worn)
 w - a +2 robe of the Archmagi (worn)
 K - a +0 shield
 N - +0 ice dragon scales
 O - a +2 hat (worn)
Magical Staves
 L - an uncursed staff of energy (weapon)
Jewellery
 e - an uncursed ring of protection from magic
 l - a ring of wizardry (right hand)
 p - an uncursed ring of ice {unknown}
 r - an amulet of magic regeneration (around neck)
 A - a cursed ring of attention {unknown}
 J - a ring of positive energy (left hand)
 M - an uncursed ring of fire
 S - a cursed -2 ring of strength {unknown}
Wands
 g - a wand of acid (6)
 s - a wand of iceblast (9)
 P - a wand of flame (19)
Scrolls
 c - a scroll of brand weapon {unknown}
 f - 3 scrolls of identify
 n - a scroll of enchant armour
 o - 2 scrolls of fear
 q - 3 scrolls of remove curse
 u - 2 scrolls of amnesia
 y - 4 scrolls of teleportation
 B - 4 scrolls of magic mapping
 E - 3 scrolls of immolation
 I - 2 scrolls of blinking {unknown}
 Q - a scroll of vulnerability {unknown}
 R - 2 scrolls of enchant weapon {unknown}
Potions
 h - a potion of berserk rage
 i - a potion of degeneration {unknown}
 j - 2 potions of cancellation
 m - 3 potions of haste
 t - 3 potions of heal wounds
 v - a potion of flight
 z - 8 potions of curing
 C - 3 potions of brilliance
 F - a potion of resistance
 G - 2 potions of invisibility
 H - 2 potions of lignification
Comestibles
 d - 21 rations


   Skills:
 + Level 8.5 Fighting
 + Level 6.5 Staves
 - Level 6.0 Armour
 + Level 6.8 Dodging
 - Level 2.1 Stealth
 - Level 4.0 Shields
 + Level 8.2 Spellcasting
 + Level 9.2 Conjurations
   Level 0.7 Transmutations
 * Level 2.6 Fire Magic
 + Level 10.9 Earth Magic
 + Level 7.1 Evocations


You had 12 spell levels left.
You knew the following spells:

 Your Spells              Type           Power        Failure   Level  Hunger
a - Sandblast             Erth           ######       1%          1    None
b - Stone Arrow           Conj/Erth      ######       1%          3    None
c - Lee's Rapid Deconstr  Erth           ######....   1%          5    None
d - Conjure Flame         Conj/Fire      ######..     1%          3    None
e - Sticky Flame          Conj/Fire      ######..     1%          4    None

Your spell library contained the following spells:

 Spells                   Type           Power        Failure   Level  Hunger
 Freeze                   Ice            ##..         1%          1    None
 Magic Dart               Conj           ####         1%          1    None
 Sting                    Conj/Pois      ####         1%          1    None
 Passwall                 Tmut/Erth      ######..     1%          2    None
 Throw Frost              Conj/Ice       #####.       1%          2    None
 Inner Flame              Hex/Fire       ###.....     1%          3    None
 Mephitic Cloud           Conj/Pois/Air  ####....     1%          3    None
 Throw Icicle             Conj/Ice       #####...     1%          4    None
 Petrify                  Tmut/Erth      ######..     2%          4    None
 Confusing Touch          Hex            ##....       3%          1    None
 Corona                   Hex            ##.....      3%          1    None
 Leda's Liquefaction      Hex/Erth       #####.....   3%          4    None
 Venom Bolt               Conj/Pois      #####.....   3%          5    None
 Blink                    Tloc           N/A          4%          2    None
 Call Imp                 Summ           ##......     4%          2    None
 Poisonous Vapours        Pois/Air       ##....       4%          2    None
 Slow                     Hex            ##......     4%          2    None
 Confuse                  Hex            ##......     9%          3    None
 Gell's Gravitas          Tloc           ##........   9%          3    None
 Ozocubu's Armour         Chrm/Ice       ##......     9%          3    None
 Portal Projectile        Hex/Tloc       ##....       9%          3    None
 Olgreb's Toxic Radiance  Pois           ##......     9%          4    None
 Yara's Violent Unravell  Hex/Tmut       ###.......   17%         5    None
 Cause Fear               Hex            ##........   28%         4    None
 Summon Ice Beast         Ice/Summ       ##......     28%         4    None
 Metabolic Englaciation   Hex/Ice        ##........   58%         5    None


Dungeon Overview and Level Annotations

Branches:
Dungeon (12/15)            Temple (0/1) D:6            Lair (4/6) D:11
 Shoals (0/4) Lair:2       Spider (0/4) Lair:3          Orc (0/2) D:11

Altars:
Ashenzari
Dithmenos
Kikubaaqudgha
Makhleb
Qazlal
Ru
Vehumet
Wu Jian
Xom
Zin
Beogh

Shops:
D:4 }   D:5 [[[%%   D:6 [   D:7 (

Annotations:
D:2 Sigmund
D:9 2 transporters
Lair:4 Nessos


Innate Abilities, Weirdness & Mutations

You are resistant to torment.
Your stone body is resilient. (AC +9)
You are immune to poison.
You resist negative energy. (rN+)
You are resistant to electric shocks. (rElec)
You can survive without breathing.
You are immune to petrification.
You are immune to rotting.


Message History

The minotaur shoots an arrow.
The arrow hits you!
Casting: Stone Arrow (safe; 1% risk of failure)
Confirm with . or Enter, or press ? or * to list all spells.
Aiming: Stone Arrow (safe; 1% risk of failure)
Press: ? - help, Shift-Dir - straight line, f/p - minotaur
Aim: a minotaur, wielding the +4 shortbow of Luepn {speed, Str+5}, wearing a +0 You feel a surge of power!
The stone arrow hits the minotaur.
The minotaur is moderately wounded.
The minotaur shoots an arrow.
The arrow hits you!
Casting: Stone Arrow (safe; 1% risk of failure)
Confirm with . or Enter, or press ? or * to list all spells.
Aiming: Stone Arrow (safe; 1% risk of failure)
Press: ? - help, Shift-Dir - straight line, f/p - minotaur
Aim: a minotaur, wielding the +4 shortbow of Luepn {speed, Str+5}, wearing a +0 You feel a surge of power!
The stone arrow hits the minotaur.
The minotaur is heavily wounded.
The minotaur shoots an arrow.
The arrow hits you!
* * * LOW HITPOINT WARNING * * *
The minotaur shoots an arrow.
The arrow hits you!!
You die...

# . #. .. ...# #
#(.:#.## ##### .
.#8.8#.# ... . #
..#/.[# ## ####
#. #8.8#..# # # #
.#.H.#..#.#.##
#..#8.8#........#
##.##'##..#### #
#....@......#
#####.###.###
...#.# ...
#.#.#####.#
#.........#
#.###.#.#. ##
#.....#.# ### #.#
# ...#.#


You could see a minotaur.

Vanquished Creatures
  Gastronok (D:8)
  2 hydras
  3 two-headed ogres
  A queen ant (Lair:3)
  An orc knight (D:11)
  An ugly thing (D:11)
  2 black mambas
  5 spiny frogs
  7 komodo dragons
  A jumping spider (Lair:3)
  A troll (D:10)
  A merfolk (Lair:2)
  A slime creature (D:11)
  3 blink frogs
  5 hippogriffs
  A meliai zombie (D:11)
  2 redbacks (Lab)
  2 basilisks (Lair:1)
  22 yaks
  2 hungry ghosts
  3 vampire mosquitoes (D:11)
  A steam dragon (D:9)
  Menkaure (D:4)
  2 wargs (D:11)
  13 soldier ants (Lair:3)
  4 water moccasins
  Duvessa (D:4)
  5 porcupines
  4 ice beasts
  7 orc warriors
  A sky beast (D:8)
  5 ogres
  A necrophage (D:6)
  10 centaurs
  11 crocodiles
  Blork the orc (D:4)
  10 bullfrogs
  A wyvern zombie (D:10)
  A wyvern skeleton (D:10)
  3 scorpions
  Dowan (D:4)
  10 killer bees
  2 howler monkeys (D:7)
  2 bullfrog zombies
  A crimson imp (D:6)
  A bullfrog skeleton (D:4)
  4 jellies
  A gnoll shaman (D:8)
  11 orc priests
  17 orc wizards
  A centaur skeleton (D:8)
  2 iguanas
  43 worker ants
  A howler monkey zombie (D:9)
  7 gnolls
  8 adders
  4 shadow imps
  5 oozes (D:11)
  3 adder skeletons
  3 worms
  3 dart slugs
  6 leopard geckos
  39 orcs
  7 giant cockroaches
  6 hobgoblins
  12 jackals
  10 kobolds
  3 quokkas
  3 ball pythons
  7 bats
  5 frilled lizards
  A giant cockroach zombie (D:5)
  7 goblins
  2 jackal skeletons (D:7)
  A quokka skeleton (D:5)
  5 rats
  A plant (D:11)
394 creatures vanquished.

Vanquished Creatures (others)
  A fungus (Lair:1)
  3 plants
4 creatures vanquished.

Grand Total: 398 creatures vanquished

Notes
Turn   | Place    | Note
-------+----------+-------------------------------------------
     0 | D:1      | Cryolive the Gargoyle Earth Elementalist began the quest
                  | for the Orb.
     0 | D:1      | Reached XP level 1. HP: 10/10 MP: 3/3
    80 | D:1      | Reached XP level 2. HP: 3/15 MP: 1/5
   317 | D:1      | Reached skill level 4 in Earth Magic
   947 | D:1      | Reached XP level 3. HP: 19/19 MP: 6/6
   952 | D:1      | Learned a level 3 spell: Stone Arrow
  1502 | D:2      | Noticed Sigmund
  1532 | D:2      | Found a stormy altar of Qazlal.
  1589 | D:2      | Reached skill level 1 in Conjurations
  1825 | D:2      | Reached XP level 4. HP: 19/24 MP: 5/8
  2039 | D:2      | Reached skill level 5 in Earth Magic
  2039 | D:2      | Reached XP level 5. HP: 13/28 MP: 2/9
  3058 | D:3      | Learned a level 5 spell: Lee's Rapid Deconstruction
  3175 | D:4      | Noticed Duvessa
  3178 | D:4      | Noticed Dowan
  3322 | D:4      | Killed Dowan
  3352 | D:4      | Reached XP level 6. HP: 22/32 MP: 11/11
  3429 | D:4      | Noticed Menkaure
  3434 | D:4      | Killed Menkaure
  3434 | D:4      | Reached skill level 1 in Armour
  3500 | D:4      | Noticed Blork the orc
  3510 | D:4      | Killed Blork the orc
  3510 | D:4      | Reached skill level 1 in Fighting
  3510 | D:4      | Reached XP level 7. HP: 25/38 MP: 3/13
  3564 | D:4      | Found a shadowy altar of Dithmenos.
  3589 | D:4      | Found a burning altar of Makhleb.
  3594 | D:4      | Found a glowing silver altar of Zin.
  3594 | D:4      | Noticed a blizzard demon
  3594 | D:4      | Noticed an angel
  3812 | D:4      | Found Mimu's Gadget Emporium.
  3857 | D:4      | Reached skill level 1 in Evocations
  3861 | D:4      | Found a radiant altar of Vehumet.
  3861 | D:4      | Found an ancient bone altar of Kikubaaqudgha.
  3932 | D:4      | Became a worshipper of Vehumet
  4025 | D:4      | Killed Duvessa
  4025 | D:4      | Reached skill level 6 in Earth Magic
  4056 | D:5      | Entered Level 5 of the Dungeon
  4196 | D:5      | Noticed a hungry ghost
  4246 | D:5      | Killed a hungry ghost
  4315 | D:5      | Found Jaetod's Food Shop.
  4376 | D:5      | Found Citogul's Food Shop.
  4460 | D:5      | Found Buruc's Armour Shoppe.
  4464 | D:5      | Reached XP level 8. HP: 18/44 MP: 2/14
  4506 | D:5      | Found Toosuser's Antique Armour Shoppe.
  4555 | D:5      | Found Myfox's Armour Emporium.
  5609 | D:6      | Reached skill level 7 in Earth Magic
  5666 | D:6      | Reached * piety under Vehumet
  5666 | D:6      | Offered knowledge of Freeze by Vehumet.
  5756 | D:6      | Found an ornate altar of the Wu Jian Council.
  5821 | D:6      | Found Josmig's Armour Shoppe.
  5854 | D:6      | Found a shimmering altar of Xom.
  5894 | D:6      | Reached skill level 5 in Spellcasting
  5923 | D:6      | Reached XP level 9. HP: 12/51 MP: 9/16
  6273 | D:6      | Reached skill level 5 in Conjurations
  6366 | D:6      | Found a staircase to the Ecumenical Temple.
  7114 | D:7      | Found Laar's Weapon Emporium.
  7131 | D:7      | Found a shattered altar of Ashenzari.
  7258 | D:7      | Got a bone quarterstaff
  7259 | D:7      | Identified the +8 quarterstaff of Ambiguity {crush, MP+9
                  | Str+3 Dex+3} (You found it on level 7 of the Dungeon)
  7690 | D:8      | Noticed Gastronok
  7814 | D:8      | Killed Gastronok
  7814 | D:8      | Reached skill level 5 in Fighting
  7814 | D:8      | Reached skill level 5 in Armour
  7814 | D:8      | Reached skill level 8 in Earth Magic
  7814 | D:8      | Reached XP level 10. HP: 59/59 MP: 0/18
  7982 | D:8      | Offered knowledge of Throw Frost by Vehumet.
  8051 | D:8      | Reached ** piety under Vehumet
  9602 | D:9      | Reached skill level 1 in Shields
 10119 | D:9      | Found a sacrificial altar of Ru.
 10213 | D:9      | Found a transporter.
 10230 | D:9      | Reached XP level 11. HP: 64/64 MP: 13/20
 10251 | D:9      | Found a transporter.
 10509 | D:10     | Entered Level 10 of the Dungeon
 11041 | D:10     | Reached skill level 5 in Dodging
 11041 | D:10     | Reached skill level 5 in Evocations
 11982 | D:10     | Offered knowledge of Ignite Poison by Vehumet.
 11985 | D:10     | Reached skill level 9 in Earth Magic
 12252 | D:11     | Found a staircase to the Lair.
 12255 | D:11     | Noticed a two-headed ogre
 12256 | D:11     | Noticed a six-headed hydra
 12256 | D:11     | Noticed a two-headed ogre
 12259 | D:12     | Noticed a two-headed ogre
 12262 | D:12     | Killed a two-headed ogre
 12335 | D:11     | Reached *** piety under Vehumet
 12431 | D:11     | Killed a two-headed ogre
 12603 | D:11     | Found a roughly hewn altar of Beogh.
 12624 | D:11     | Offered knowledge of Throw Icicle by Vehumet.
 12736 | D:11     | Noticed an orc knight
 13017 | D:11     | Killed a two-headed ogre
 13097 | D:11     | Killed a six-headed hydra
 13378 | D:11     | Noticed a brown ugly thing
 13473 | D:11     | Killed an orc knight
 13618 | D:11     | Found a staircase to the Orcish Mines.
 13690 | D:11     | Reached **** piety under Vehumet
 13695 | D:11     | Offered knowledge of Force Lance by Vehumet.
 14011 | D:11     | Reached XP level 12. HP: 71/71 MP: 16/22
 14351 | D:11     | Found a sacrificial altar of Ru.
 14408 | D:11     | Reached skill level 5 in Staves
 14732 | D:11     | Got an ancient leather armour
 14766 | Lair:1   | Entered Level 1 of the Lair of Beasts
 15120 | Lair:1   | Reached skill level 10 in Earth Magic
 15784 | Lair:2   | Learned a level 3 spell: Conjure Flame
 16144 | Lair:2   | Reached ***** piety under Vehumet
 16192 | Lair:2   | Identified the cursed +1 leather armour of Patience {MR+}
                  | (You found it on level 11 of the Dungeon)
 16753 | Lair:3   | Offered knowledge of Sticky Flame by Vehumet.
 17116 | Lair:3   | Noticed a queen ant
 17159 | Lair:3   | Reached XP level 13. HP: 49/78 MP: 25/25
 17346 | Lair:3   | Learned a level 4 spell: Sticky Flame
 17408 | Lair:3   | Reached skill level 1 in Fire Magic
 17972 | Lair:2   | Found a staircase to the Shoals.
 18711 | Lair:3   | Found a hole to the Spider Nest.
 19325 | Lair:4   | Noticed Nessos
 19388 | Lair:4   | Found a labyrinth entrance.
 19399 | Lab      | Entered a labyrinth
 20851 | Lab      | Identified the +4 shortbow of Luepn {speed, Str+5}
 20851 | Lab      | Noticed a minotaur
 20857 | Lab      | Shot with an arrow by a minotaur

Vault maps used:
D:1:      ncdulo_halloftheorcs
D:2:      nicolae_qazlal_eye_of_the_storm, uniq_sigmund
D:3:      first_ration, nrook_mini_backslash
D:4:      grunt_temple_overflow_order_and_chaos_2,
          amethyst_overflow_temple_binary, lemuel_doored_altar,
          portal_sewer_entry_e, serial_shops, shop,
          chequers_serial_rivers_micro_d, minivault_26, grunt_decor_arrowhead,
          minmay_manual_monstrance, uniq_blork_the_orc, uniq_duvessa,
          uniq_menkaure
D:5:      serial_shops, shop, shop, shop_fountains, shop, shop,
          minmay_misc_feat_five
D:6:      temple_fountains, basic_altar, serial_shops, shop,
          brannock_xom_greatest_gift
D:7:      ashenzari_altar_1, serial_shops, kennysheep_little_box
D:8:      uniq_gastronok
D:9:      gammafunk_steamed_eel, overflow_temple_1_default
D:11:     erik_lair_orcish_takeover, david_orc_5,
          hangedman_little_slice_of_home, hangedman_ru_absence
D:12:     nicolae_trove_entry_columns, serial_rivers,
          chequers_serial_rivers_micro_e, chequers_serial_rivers_small_a,
          chequers_serial_rivers_small_a, chequers_serial_rivers_room_a,
          roderic_lattice_a, kennysheep_diamond
Lair:2:   elwin_shoals_entry_rooms, serial_bayou_shore_a
Lair:3:   spider_nest_entry_rubble, zaba_anthell
Lair:4:   lab_entry_generic, st_stairs_10, uniq_nessos
Lab:      nicolae_lab_dead_adventurers, lab_block

Skill      XL: |  1  2  3  4  5  6  7  8  9 10 11 12 13 |
---------------+----------------------------------------+-----
Earth Magic    | 4 5 6 7 8 9 10 | 10.9
Conjurations   | 1 2 3 4 6 7 8 9 |  9.2
Spellcasting   | 3 4 5 6 7 8 |  8.2
Armour         | 1 2 3 5 6 |  6.0
Fighting       | 1 2 3 5 6 8 |  8.5
Dodging        | 2 3 4 5 6 |  6.8
Evocations     | 1 3 4 5 6 7 |  7.1
Staves         | 2 3 4 6 |  6.5
Shields        | 1 4 |  4.0
Fire Magic     | 2 |  2.6
Stealth        | |  2.1
Transmutations | |  0.7

Action                   |  1- 3 |  4- 6 |  7- 9 | 10-12 | 13-15 || total
-------------------------+-------+-------+-------+-------+-------++-------
Melee: Short sword       |   115 |    31 |       |       |       ||   146
       Unarmed           |     8 |       |       |       |       ||     8
       Morningstar       |       |   111 |   205 |       |       ||   316
       Quarterstaff      |       |       |    15 |    88 |    64 ||   167
       Staff             |       |       |       |   722 |       ||   722
 Cast: Sandblast         |     4 |     8 |     9 |    21 |       ||    42
       Stone Arrow       |       |     9 |    57 |   328 |    85 ||   479
       Lee's Rapid Decon |       |     4 |    22 |    12 |       ||    38
  Use: Scroll            |       |    10 |     2 |    12 |     3 ||    27
 Stab: Sleeping          |     2 |     4 |     4 |     2 |       ||    12
       Distracted        |       |       |       |     1 |       ||     1
  Eat: Chunk             |     2 |     7 |    19 |    29 |     3 ||    60
       Ration            |       |     1 |     1 |     1 |     2 ||     5
Armor: Robe              |    42 |    83 |   123 |   390 |    65 ||   703
Dodge: Dodged            |   115 |   126 |   221 |   708 |   117 ||  1287

Table legend:
 A = Non-vault XP
 B = Vault XP
 C = Vault XP percentage of total XP
 D = Non-vault monster count
 E = Vault monster count
 F = Vault count percentage of total count
                 A         B        C        D         E       F
            +---------+---------+-------+---------+---------+-------
      Total |   28071 |   10879 |  27.9 |     296 |      97 |  24.7
            +---------+---------+-------+---------+---------+-------
        D:1 |      39 |       0 |   0.0 |      24 |       0 |   0.0
        D:2 |     179 |       0 |   0.0 |      33 |       0 |   0.0
        D:3 |      26 |       0 |   0.0 |       9 |       0 |   0.0
        D:4 |      99 |     495 |  83.3 |       7 |       8 |  53.3
        D:5 |     490 |      70 |  12.5 |      10 |       1 |   9.1
        D:6 |    1239 |       0 |   0.0 |      31 |       0 |   0.0
        D:7 |     851 |       0 |   0.0 |      27 |       0 |   0.0
        D:8 |    1214 |    2359 |  66.0 |      28 |       1 |   3.4
        D:9 |    2282 |       0 |   0.0 |      18 |       0 |   0.0
       D:10 |    2224 |       0 |   0.0 |      23 |       0 |   0.0
       D:11 |    6328 |    2109 |  25.0 |      34 |      36 |  51.4
       D:12 |     921 |       0 |   0.0 |       1 |       0 |   0.0
     Lair:1 |    4245 |       0 |   0.0 |      18 |       0 |   0.0
     Lair:2 |    3157 |     371 |  10.5 |      17 |       3 |  15.0
     Lair:3 |    3965 |    4421 |  52.7 |      12 |      44 |  78.6
     Lair:4 |     812 |     613 |  43.0 |       4 |       2 |  33.3
        Lab |       0 |     441 | 100.0 |       0 |       2 | 100.0
            +---------+---------+-------+---------+---------+-------
